 Dungeon Crawl Stone Soup version 0.31.0-10-gcf4a605ca0 (webtiles) character file.

Game seed: 10183265984333060483

3771708 bakla the Sifu (level 27, 151/181 HPs)
             Began as a Felid Ice Elementalist on Jan 25, 2024.
             Was the Champion of Wu Jian.
             Escaped with the Orb
             ... and 5 runes
             ... and 2 gems on Jan 26, 2024!
             The game lasted 02:40:58 (60273 turns).

bakla the Sifu (Felid Ice Elementalist)            Turns: 60273, Time: 02:40:59

Health: 151/181    AC: 12    Str: 13 (14) XL:     27
Magic:  41/41      EV: 65    Int: 17      God:    Wu Jian [******]
Gold:   5154       SH:  0    Dex: 21      Spells: 22/34 levels left
                                        Lives:  2   Deaths: 6

rFire   + .          .
                       - Unarmed
rCold   + . .        (shield unavailable)
rNeg    . . .        (body armour unavailable)
rPois   ∞            (helmet unavailable)
rElec   +            (cloak unavailable)
rCorr   .            (gloves unavailable)
SInv    +            (boots unavailable)
Will    ++++.        R - amulet of regeneration
Stlth   ++           l - ring "Maupny" {rF+ EV+5}
HPRegen 1.30/turn    Z - ring of Gisaluat {+Blink rC+}
MPRegen 0.27/turn

%: no passive effects
@: storm-form, flying, studying 3 skills
A: cleaving, insubstantial, flying, very small, (claws 1), (fangs 3), see
invisible, (shaggy fur 3), (stealthy paws), no weapons or thrown items, no
armour, multi-lived, (iridescent scales 1), deterioration 2, dopey 1, robust 1,
inability to drink after injury 1, persistent drain
0: Orb of Zot
}: 5/15 runes: barnacled, slimy, silver, abyssal, gossamer
a: Blinkbolt, Begin Untransformation, Renounce Religion, Evoke Blink, Wall Jump,
Serpent's Lash, Heavenly Storm


You escaped.
You worshipped Wu Jian.
Wu Jian was exalted by your worship.
You were a lightning-filled tempest!
You visited 11 branches of the dungeon, and saw 53 of its levels.
You visited the Abyss 2 times.
You completed 1 ziggurat, and saw 27 of its levels.
You also visited: Trove, Ossuary, Ice Cave and Desolation.

You collected 9389 gold pieces.
You spent 4235 gold pieces at shops.

Inventory:

Armour
 E - a +1 pair of boots
Magical Staves
 M - a staff of death
Jewellery
 d - a +6 ring of dexterity
 l - the ring "Maupny" (left paw) {rF+ EV+5}
   (You found it on level 21 of a ziggurat)

   [ring of evasion]

   EV+5:      It affects your evasion (+5).
   rF+:       It protects you from fire.
 I - a ring of resist corrosion
 J - a +5 ring of evasion
 R - an amulet of regeneration (around neck)
 U - the ring "Loid" {rElec AC+4}
   (You found it on level 12 of a ziggurat)

   [ring of protection]

   AC+4:      It affects your AC (+4).
   rElec:     It insulates you from electricity.
 W - the amulet "Vacyofu" {Reflect Int+5 SH+5 Stlth+}
   (You found it on level 3 of the Elven Halls)

   [amulet of reflection]

   Reflect:   It reflects blocked missile attacks.
   Int+5:     It affects your intelligence (+5).
   SH+5:      It affects your SH (+5).
   Stlth+:    It makes you more stealthy.
 Z - the ring of Gisaluat (right paw) {+Blink rC+}
   (You took it off an imperial myrmidon in the Desolation of Salt)

   [ring of protection from cold]

   rC+:       It protects you from cold.
   +Blink:    It lets you blink.
Talismans
 s - a storm talisman (active)
 O - a granite talisman
Wands
 v - a wand of polymorph (46)
 w - a wand of flame (122)
 z - a wand of paralysis (68)
 D - a wand of roots (50)
 H - a wand of mindburst (37)
 V - a wand of quicksilver (19)
 X - a wand of digging (19)
Scrolls
 e - 29 scrolls of identify
 f - 6 scrolls of silence
 h - 6 scrolls of revelation
 i - 13 scrolls of teleportation
 k - 10 scrolls of vulnerability
 u - 10 scrolls of fog
 x - a scroll of summoning
 y - 9 scrolls of amnesia
 C - 7 scrolls of fear
 F - 9 scrolls of immolation
 P - 4 scrolls of poison
 S - a scroll of blinking
 Y - a scroll of torment
Potions
 a - a potion of resistance
 b - 13 potions of curing
 c - 14 potions of enlightenment
 j - 14 potions of attraction
 n - 3 potions of invisibility
 o - 4 potions of brilliance
 p - 11 potions of lignification
 r - a potion of ambrosia
 t - 4 potions of might
 A - 5 potions of haste
 B - 3 potions of cancellation
 K - 4 potions of magic
 L - 10 potions of mutation
 N - 2 potions of experience
 T - 4 potions of berserk rage
Miscellaneous
 g - a tin of tremorstones (2/2)
 m - a phantom mirror
 q - a sack of spiders
 G - a +1 figurine of a ziggurat
 Q - a phial of floods


   Skills:
 + Level 23.5 Fighting
 + Level 23.9 Dodging
 - Level 15.0 Stealth
 + Level 24.1 Unarmed Combat
 - Level 4.0 Spellcasting
 - Level 3.0 Summonings
 - Level 5.0 Ice Magic
 O Level 27 Invocations
 - Level 10.0 Evocations
 - Level 23.0 Shapeshifting


You had 22 spell levels left.
You knew the following spells:

 Your Spells              Type           Power      Damage    Failure   Level
a - Freeze                Ice            80%        1d9       1%          1
b - Frozen Ramparts       Ice            40%        1d7       6%          3
c - Ozocubu's Armour      Ice            20%        N/A       6%          3
d - Summon Ice Beast      Ice/Summ       17%        N/A       9%          3
e - Blink                 Tloc           6%         N/A       24%         2

Your spell library contained the following spells:

 Spells                   Type           Power      Damage    Failure   Level
 Summon Small Mammal      Summ           52%        N/A       4%          1
 Call Imp                 Summ           26%        N/A       7%          2
 Ensorcelled Hibernation  Hex/Ice        22%        N/A       9%          2
 Call Canine Familiar     Summ           13%        N/A       14%         3
 Apportation              Tloc           6%         N/A       16%         1
 Foxfire                  Conj/Fire      12%        2x1d4     16%         1
 Magic Dart               Conj           12%        1d3       16%         1
 Necrotise                Necr           12%        1d4       16%         1
 Shock                    Conj/Air       12%        1d3       16%         1
 Slow                     Hex            12%        N/A       16%         1
 Sting                    Conj/Alch      12%        1d3       16%         1
 Hailstorm                Conj/Ice       11%        3d6       17%         3
 Cigotuvi's Dreadful Rot  Necr/Alch/Air  6%         N/A       24%         2
 Jinxbite                 Hex            6%         N/A       24%         2
 Lesser Beckoning         Tloc           6%         N/A       24%         2
 Mercury Vapours          Alch/Air       6%         N/A       24%         2
 Momentum Strike          Conj/Tloc      6%         3d8       24%         2
 Scorch                   Fire           6%         2d5       24%         2
 Searing Ray              Conj           6%         2d4       24%         2
 Static Discharge         Conj/Air       6%         3-4/arc   24%         2
 Confusing Touch          Hex            3%         N/A       43%         3
 Dazzling Flash           Conj/Hex       6%         N/A       43%         3
 Fugue of the Fallen      Necr           3%         N/A       43%         3
 Gell's Gravitas          Tloc           3%         N/A       43%         3
 Inner Flame              Hex/Fire       3%         N/A       43%         3
 Mephitic Cloud           Conj/Alch/Air  3%         N/A       43%         3
 Passwall                 Erth           3%         N/A       43%         3
 Sigil of Binding         Hex            3%         N/A       43%         3
 Stone Arrow              Conj/Erth      6%         3d7       43%         3
 Swiftness                Air            3%         N/A       43%         3
 Teleport Other           Tloc           3%         N/A       43%         3
 Tukima's Dance           Hex            3%         N/A       43%         3
 Vampiric Draining        Necr           3%         2d6       43%         3
 Volatile Blastmotes      Fire/Tloc      6%         2d10      43%         3
 Martyr's Knell           Necr/Summ      8%         N/A       63%         4
 Summon Blazeheart Golem  Fire/Summ      8%         N/A       63%         4
 Summon Lightning Spire   Summ/Air       8%         N/A       63%         4
 Airstrike                Air            1%         2d(1-17)  83%         4
 Anguish                  Hex/Necr       1%         N/A       83%         4
 Animate Dead             Necr           3%         N/A       83%         4
 Brom's Barrelling Bould  Conj/Erth      3%         2d3       83%         4
 Cause Fear               Hex            1%         N/A       83%         4
 Flame Wave               Conj/Fire      3%         2d5       83%         4
 Fulminant Prism          Conj/Alch      1%         3d5       83%         4
 Ignite Poison            Fire/Alch      3%         N/A       83%         4
 Iskenderun's Mystic Bla  Conj/Tloc      3%         2d3       83%         4
 Leda's Liquefaction      Alch/Erth      1%         N/A       83%         4
 Manifold Assault         Tloc           3%         N/A       83%         4
 Passage of Golubria      Tloc           3%         N/A       83%         4
 Petrify                  Alch/Erth      3%         N/A       83%         4
 Sticky Flame             Fire/Alch      3%         2d4       83%         4
 Vhi's Electric Charge    Tloc/Air       6%         N/A       83%         4
 Metabolic Englaciation   Hex/Ice        5%         N/A       83%         5
 Freezing Cloud           Conj/Ice/Air   4%         6-21      92%         5
 Summon Forest            Summ/Tloc      4%         N/A       93%         5
 Summon Mana Viper        Hex/Summ       8%         N/A       93%         5
 Alistair's Intoxication  Alch           2%         N/A       99%         5
 Arcjolt                  Conj/Air       1%         1d11      99%         5
 Borgnjor's Vile Clutch   Necr/Erth      1%         N/A       99%         5
 Curse of Agony           Necr           3%         N/A       99%         5
 Fireball                 Conj/Fire      1%         3d3       99%         5
 Iskenderun's Battlesphe  Conj           3%         2d6       99%         5
 Silence                  Hex/Air        1%         N/A       99%         5
 Yara's Violent Unravell  Hex/Alch       1%         3d3       99%         5
 Conjure Ball Lightning   Conj/Air       1%         3x3d6     100%        6
 Death Channel            Necr           1%         N/A       100%        6
 Dispersal                Tloc           1%         N/A       100%        6
 Eringya's Noxious Bog    Alch           1%         4d6       100%        6
 Plasma Beam              Fire/Air       1%         2x1d11    100%        6
 Sculpt Simulacrum        Ice/Alch       5%         N/A       100%        6
 Starburst                Conj/Fire      1%         6d3       100%        6
 Summon Cactus Giant      Summ           6%         N/A       100%        6
 Haunt                    Necr/Summ      4%         N/A       100%        7
 Malign Gateway           Summ/Tloc      4%         N/A       100%        7
 Monstrous Menagerie      Summ           6%         N/A       100%        7
 Orb of Destruction       Conj           1%         9d5       100%        7
 Ozocubu's Refrigeration  Ice            10%        4d9       100%        7
 Summon Hydra             Summ           6%         N/A       100%        7
 Borgnjor's Revivificati  Necr           1%         N/A       100%        8
 Discord                  Hex            1%         N/A       100%        8
 Disjunction              Tloc           1%         N/A       100%        8
 Lehudib's Crystal Spear  Conj/Erth      1%         10d2      100%        8
 Maxwell's Capacitive Co  Air            1%         ∞         100%        8
 Summon Horrible Things   Summ           6%         N/A       100%        8
 Death's Door             Necr           1%         N/A       100%        9
 Dragon's Call            Summ           6%         N/A       100%        9
 Polar Vortex             Ice            10%        12d1*     100%        9
 Sublimation of Blood     Necr           Unusable   N/A       N/A         2
 Animate Armour           Summ/Erth      Unusable   N/A       N/A         4
 Dimensional Bullseye     Hex/Tloc       Unusable   N/A       N/A         4

Dungeon Overview and Level Annotations

Branches:
Dungeon (15/15)            Temple (1/1) D:6            Lair (5/5) D:9
 Shoals (4/4) Lair:2       Spider (4/4) Lair:3        Slime (5/5) Lair:5
    Orc (2/2) D:10            Elf (3/3) Orc:2        Vaults (5/5) D:14
  Crypt (0/3) Vaults:2     Depths (4/4) D:15            Zot (5/5) Depths:4
Ossuary (visited)           IceCv (visited)         Desolation (visited)

Altars:
Ashenzari
Cheibriados
Dithmenos
Elyvilon
Fedhas
Gozag
Hepliaklqana
Kikubaaqudgha
Makhleb
Nemelex Xobeh
Okawaru
Qazlal
Ru
Sif Muna
Trog
Uskayaw
Vehumet
Wu Jian
Xom
Yredelemnul
Zin
The Shining One
Jiyva
Lugonu

Shops:
D:5 *   D:7 (   D:10 *   Orc:2 *??   Shoals:1 =   Shoals:4 *   Vaults:4 **
Depths:1 [=([   Depths:2 ==

Portals:
Hell: Lair:5 Depths:1 Depths:2 Depths:3 Depths:4
Abyss: Zot:5 Depths:3
Pandemonium: Depths:2

Annotations:
Lair:2 2 runed translucent doors, Iphivaf's ghost, journeyman OpSh
Orc:1 3 runed translucent doors, michknight7's ghost, novice MiFi; rpophessagr's ghost, journeyman HOMo
Elf:2 5 runed translucent doors
Vaults:4 3 runed translucent doors, exclusion: obsidian statue, Feplao's ghost, adept DgSh
Zot:5 exclusion: 3 upstairs


Innate Abilities, Weirdness & Mutations

You are a lightning-filled tempest!
Your electrical attacks strike out in all directions at once.
You are incredibly evasive.
Your insubstantial body is immune to petrification, constriction, and being set on fire You are flying.
You are immune to poison.
((You have sharp claws.))
((You have razor-sharp teeth.))
You have supernaturally acute eyesight. (SInv)
((Your thick and shaggy fur keeps you warm. (AC +3, rC+)))
((Your paws help you pounce on unaware monsters.))
You are incapable of wielding weapons or throwing items.
You cannot wear armour.
You gain extra lives every three experience levels.
((You are partially covered in iridescent scales. (AC +2)))
Your body often deteriorates upon taking damage.
You are dopey. (Int -2)
You are robust. (+10% HP)
You occasionally lose the ability to drink potions when taking damage.
Your health recovers twice as slowly from being drained.


Message History

Aplaufus tramples you!
You hold your ground!
Unknown command.
You batter Aplaufus!!
Aplaufus is severely wounded.
The Ice Fiend gestures at you. The bolt of cold misses you.
Aplaufus gestures at you. The bolt of fire hits you!! You resist.
* * * LOW HITPOINT WARNING * * *
You hear a sizzling sound!
You are too injured to fight recklessly!
Unknown command.
You are too injured to fight recklessly!
Unknown command.
Your muscles tense, ready for explosive movement...
You spin and attack Aplaufus, with incredible momentum.
You blast Aplaufus!!!!
You kill Aplaufus!
The Council accepts your kill.
Unknown command.
Unknown command.
You spin and attack the Ice Fiend repeatedly, with incredible momentum.
You blast the Ice Fiend!!!
The Ice Fiend is heavily wounded.
You batter the Ice Fiend!!
The Ice Fiend is severely wounded.
Your supernatural speed expires.
Unknown command.
You blast the Ice Fiend!!!
Lightning courses through the Ice Fiend!!
You kill the Ice Fiend!
The Council accepts your kill.
What level of the Dungeon? (default 1, ? - help)
You feel less exhausted.
There is an open door here.
There is a staircase leading out of the dungeon here.
There is a staircase leading out of the dungeon here.
You can't go down here!
Unknown command.
You have escaped!

~#.#
#..........##†##..###≈#≈≈≈
.#.# #.#.###.#...#.#####
##≈≈ .#.# #.#.# #.......#
##≈ .#.# #.#.# #.#...###
## .#.# #.#.# #.##.## #~
.#.#######'######## #.
.#.#.............# #.
.#.#...##...##...# ##.
.#.#>..##...##..v# #..
..)#..........≈≈≈# #####..
...#.........≈≈≈≈#
##.....~
.#.#⌠.....⌠.≈≈≈≈⌠#
#######...###.
...###############
#..........##~ .....>.#
#.#####....##. .#.###.#
#.# ####.#.##. .#.# #.#
#.# #......#.. .#.###.#
#.###.###.....


There were no monsters in sight!

Vanquished Creatures
  the Royal Jelly (Slime:5)
  Frederick (Depths:3)
  4 dread liches
  4 ancient liches
  An orb of fire (Zot:5)
  3 juggernauts
  Sojobo (Vaults:2)
  A royal mummy (Zig:7)
  Bai Suzhen (Depths:1)
  Vv (Depths:3)
  6 pandemonium lords
  5 Killer Klowns
  9 caustic shrikes
  A curse toe (Zot:5)
  8 golden dragons
  The ghost of Strat the Wrestler, an adept TrMo of Makhleb (Depths:2)
  the Enchantress (Depths:3)
  A profane servitor (Zig:21)
  Norris (Elf:3)
  2 bone dragons
  2 electric golems
  3 Brimstone Fiends
  3 doom hounds (Depths:3)
  An iron giant (Zig:24)
  A hellephant (Zig:13)
  A walking crystal tome (Zig:18)
  24 Orb Guardians
  2 Ice Fiends
  A walking earthen tome (Depths:3)
  Rupert (D:14)
  A walking divine tome (Depths:3)
  11 tentacled monstrosities
  4 Hell Sentinels
  7 sphinxes
  5 liches
  Grunn (Depths:3)
  A deep elf blademaster (Elf:1)
  A walking frostbound tome (Depths:4)
  6 titans
  29 acid blobs
  2 deep elf master archers (Elf:3)
  A searing wretch (Zig:21)
  4 quicksilver dragons
  A sphinx (shapeshifter) (Zig:8)
  An Executioner (Zig:21)
  2 ancient champions
  Frances (Shoals:1)
  10 tentacled starspawn
  A kraken (Shoals:4)
  11 tengu reavers
  Donald (Elf:3)
  7 storm dragons
  A death cob (Zot:5)
  11 shadow dragons
  A fenstrider witch (Zig:10)
  11 azure jellies
  A protean progenitor (Zig:8)
  6 draconian knights
  A nagaraja (Zig:22)
  2 emperor scorpions (Spider:4)
  13 rockslimes
  7 draconian monks (Zig:19)
  2 iron dragons
  15 fire giants
  A nargun (Zig:21)
  4 quicksilver elementals
  14 deep elf sorcerers
  8 ghost moths
  10 draconian shifters
  7 draconian scorchers
  14 frost giants
  4 deep elf elementalists (Elf:3)
  3 balrugs
  21 vault wardens
  2 imperial myrmidons (Desolation)
  2 draconian annihilators
  7 reapers
  2 spriggan defenders (Depths:3)
  19 ironbound preservers
  A ghoul (Zig:10)
  A demonspawn corrupter (Zig:12)
  2 orc warlords (Vaults:4)
  7 broodmothers
  2 cacodemons
  7 ironbound thunderhulks
  2 demonspawn blood saints (Zig:6)
  16 very ugly things
  5 draconian stormcallers
  15 quicksilver oozes
  38 stone giants
  An ophan (Zig:5)
  Nessos (D:14)
  7 black draconians
  8 deep elf death magi (Elf:3)
  8 formless jellyfish
  8 deep elf demonologists
  3 vampire knights
  6 green draconians
  An eleionoma (Zig:10)
  2 bunyips (Zig:10)
  4 dire elephants (Vaults:4)
  A putrid mouth (Zig:21)
  2 war gargoyles
  2 lorocyprocas
  4 white draconians
  6 deep elf annihilators
  5 red draconians
  A spark wasp (shapeshifter) (Zig:8)
  A halazid warlock (Desolation)
  7 purple draconians
  4 yellow draconians
  2 spark wasps (Spider:4)
  3 blizzard demons
  5 fire dragons
  A quicksilver dragon zombie (D:15)
  16 ettins
  15 yaktaur captains
  3 crystal guardians (Desolation)
  An eidolon (Zig:21)
  An iron golem (Zig:21)
  7 entropy weavers
  13 deep elf high priests
  3 green deaths
  12 merfolk javelineers
  4 mummy priests
  21 merfolk impalers
  13 great orbs of eyes
  44 vault guards
  A shambling mangrove (Zig:10)
  9 ice dragons
  9 servants of whispers (Desolation)
  Josephine (D:14)
  A spriggan zombie (Abyss:3)
  3 rakshasas
  6 ironbound frosthearts
  9 ogre magi
  A hell beast (D:4)
  10 hydras
  6 ragged hierophants (Desolation)
  4 salamander tyrants (Zig:22)
  3 radroaches
  2 anacondas (Zig:22)
  2 alligators (Zig:10)
  10 peacekeepers
  2 catoblepae
  7 merfolk avatars
  5 spriggan air magi
  A radroach (shapeshifter) (Vaults:5)
  17 centaur warriors
  4 boulder beetles
  Erica (D:10)
  4 satyrs
  8 alligator snapping turtles
  3 hell hogs
  15 merfolk aquamancers
  A two-headed ogre (shapeshifter) (Vaults:5)
  8 tengu warriors
  4 death yaks
  2 sphinx skeletons
  12 two-headed ogres
  28 dancing weapons
  5 deep troll earth magi
  A death scarab (Zig:15)
  2 occultists
  7 deep troll shamans
  A naga warrior (Zig:22)
  2 vampire magi
  4 orc high priests
  2 spriggan berserkers
  2 shock serpents (Zig:22)
  8 thrashing horrors
  Nergalle (Orc:1)
  Urug (Lair:4)
  18 demonic crawlers
  3 naga sharpshooters
  2 storm dragon zombies (D:15)
  A shock serpent (shapeshifter) (Vaults:5)
  13 skysharks
  13 hell knights
  10 soul eaters
  14 deep elf knights
  2 sixfirhies
  8 sun demons
  A cyclops (shapeshifter) (Vaults:5)
  10 iron trolls
  A shadow wraith (Vaults:5)
  2 crystal echidnas (Zig:16)
  12 skeletal warriors
  4 spatial maelstroms
  11 wretched stars
  A sea snake (shapeshifter) (Vaults:4)
  A flayed ghost (Zig:25)
  22 sea snakes
  8 pharaoh ants
  A spriggan druid (Zig:13)
  45 deep trolls
  A goliath frog (Zig:10)
  3 mana vipers (Zig:22)
  A sun moth (Zig:4)
  10 deep elf archers
  5 glowing orange brains
  10 orb spiders
  11 large abominations
  3 orange crystal statues
  23 ironbound convokers
  A sun moth (shapeshifter) (Vaults:4)
  6 arcanists
  4 lindwurms
  A kraken simulacrum (Shoals:4)
  A shadow dragon zombie (Zig:7)
  11 necromancers
  7 phantasmal warriors
  27 harpies
  4 steelbarb worms
  29 starcursed masses
  A stone giant zombie (Vaults:3)
  A faun (shapeshifter) (Depths:1)
  7 orc knights
  18 deep elf zephyrmancers
  20 deep elf pyromancers
  Maurice (D:9)
  29 manticores
  A tengu skeleton (Vaults:2)
  19 ugly things
  11 fauns
  26 wolf spiders
  7 shining eyes
  4 will-o-the-wisps
  4 orc sorcerers
  A worldbinder (Zig:11)
  22 moths of wrath
  3 oklob plants (Lair:5)
  11 cyclopes
  A fire giant skeleton (Vaults:2)
  7 kobold blastminers
  21 vault sentinels
  2 meliai (shapeshifter)
  A salamander (Depths:3)
  A dire elephant zombie (Abyss:3)
  9 merfolk sirens
  2 apocalypse crabs
  6 elephants
  14 black mambas
  A rust devil (Zig:21)
  10 torpor snails
  14 water nymphs
  5 guardian serpents
  9 smoke demons
  6 eyes of devastation
  3 molten gargoyles (Desolation)
  8 cane toads
  2 ice statues (IceCv)
  A naga mage (Zig:22)
  3 gargoyles
  3 unseen horrors
  A black mamba (shapeshifter) (Depths:1)
  2 kobold demonologists (Abyss:3)
  7 hellions
  3 orange demons
  A torpor snail (shapeshifter) (Zig:20)
  Jeremiah (D:9)
  4 human skeletons
  4 guardian mummies
  Maggie (D:9)
  7 tormentors
  2 elf skeletons (Vaults:2)
  8 rime drakes
  8 ancient zymes
  4 freezing wraiths
  4 ice devils
  18 komodo dragons
  2 tengu conjurers
  3 efreet
  31 yaktaurs
  5 polar bears
  38 merfolk
  A silent spectre (Zig:21)
  A polar bear (shapeshifter) (Elf:3)
  5 red devils
  A tyrant leech (Zig:10)
  3 hornets
  14 wind drakes
  5 hellwings
  9 blink frogs
  9 trolls
  5 glass eyes
  A raiju (shapeshifter) (Vaults:5)
  26 tarantellas
  10 raiju
  16 snapping turtles
  A fire giant simulacrum (Vaults:3)
  55 saltlings (Desolation)
  2 dream sheep (Zig:13)
  88 slime creatures
  A snapping turtle (shapeshifter) (Zig:20)
  30 jumping spiders
  An air elemental (Elf:2)
  A centaur simulacrum (D:14)
  2 ettin skeletons (Vaults:2)
  15 water elementals
  3 vampires
  4 spriggans
  A shadow (D:10)
  30 culicivoras
  6 wraiths
  2 yaks (shapeshifter)
  3 wyverns
  4 ynoxinuls
  7 basilisks
  2 ushabtiu
  6 golden eyes (Slime:3)
  9 wargs
  34 yaks
  11 vampire mosquitoes
  14 neqoxecs
  15 humans (D:14)
  57 redbacks
  A naga (Zig:22)
  2 harpy simulacra (IceCv)
  13 water moccasins
  4 hell hounds
  2 glowing shapeshifter skeletons (Vaults:2)
  An ice beast (D:7)
  16 orc warriors
  2 sky beasts (D:7)
  4 laughing skulls
  8 boggarts
  19 wolves
  11 centaurs
  23 ogres
  2 weeping skulls (Abyss:3)
  7 kobold brigands
  6 bullfrogs
  2 small abominations
  2 gnoll sergeants
  9 earth elementals
  A scorpion (D:4)
  8 wights
  3 elephant simulacra
  3 electric eels
  3 howler monkeys (D:11)
  2 lava snakes (Lair:5)
  3 hounds
  13 jellies
  16 orc priests
  A bombardier beetle (D:5)
  A gnoll bouda (D:7)
  2 iguanas
  A sleepcap (D:4)
  6 orc wizards
  2 polar bear simulacra (IceCv)
  6 mummies
  6 gnolls
  A naga simulacrum (IceCv)
  5 adders
  A shadow imp (D:5)
  5 ufetubi
  3 dart slugs
  71 orcs
  9 ball pythons
  9 endoplasms
  6 giant cockroaches
  2 gnoll zombies (Ossuary)
  7 goblins
  9 hobgoblins
  2 jackals (D:2)
  5 quokkas
  2 bats
  3 frilled lizards
  24 kobolds
  A kobold zombie (Ossuary)
  2 orc zombies (Ossuary)
  7 rats
  2 aspiring fleshes (Zig:8)
  2 butterflies (Lair:1)
  2 lurking horrors (Zot:5)
  A spectral weapon (Zig:13)
  6 starspawn tentacles
  3 tentacles (Shoals:4)
2707 creatures vanquished.

Vanquished Creatures (collateral kills)
  A spriggan defender (Depths:3)
  2 ragged hierophants (Desolation)
  A hydra (D:14)
  A death yak (Lair:2)
  An orc high priest (Orc:2)
  A skyshark (Lair:5)
  Sonja (D:12)
  A skeletal warrior (D:15)
  An ugly thing (D:9)
  A black mamba (Lair:1)
  A torpor snail (Lair:5)
  2 cane toads
  2 komodo dragons
  2 blink frogs (Lair:5)
  2 trolls
  3 saltlings (Desolation)
  A spriggan (Depths:3)
  A wyvern (Lair:3)
  2 humans (D:14)
  5 yaks
  A warg (Orc:2)
  A basilisk (Lair:5)
  A death yak simulacrum (Lair:1)
  An acid dragon (D:10)
  2 water moccasins
  4 orc warriors
  2 ogres (D:6)
  4 wolves
  2 centaurs
  A kobold brigand (D:9)
  A bullfrog (D:9)
  A scorpion (D:5)
  A gnoll sergeant (D:9)
  2 wights
  A howler monkey (D:9)
  A lava snake (Lair:5)
  11 orc priests
  3 jellies
  2 orc wizards
  6 mummies (Ossuary)
  5 gnolls
  A white imp (D:6)
  An ufetubus (D:7)
  12 orcs
  2 hobgoblin zombies (Ossuary)
  A kobold zombie (Ossuary)
102 creatures vanquished.

Vanquished Creatures (others)
  A caustic shrike (Zig:16)
  A deep elf master archer (Zig:23)
  A demonspawn corrupter (Zig:6)
  A deep elf annihilator (Elf:3)
  A war gargoyle (Zig:20)
  A yaktaur captain (Zig:23)
  An entropy weaver (Spider:3)
  A merfolk impaler (Shoals:2)
  A vault guard (Vaults:4)
  A satyr (Zig:27)
  2 deep elf knights
  A merfolk (Shoals:2)
  A lava snake (Lair:5)
  A starcursed mass (Zig:5)
  An orc (Orc:1)
  14 foxfires
  2 starspawn tentacles
  6 tentacles (Shoals:4)
38 creatures vanquished.

Grand Total: 2847 creatures vanquished

Notes
Turn   | Place    | Note
-------+----------+-------------------------------------------
     0 | D:1      | bakla the Felid Ice Elementalist began the quest for the
                  | Orb.
     0 | D:1      | Reached XP level 1. HP: 9/9 MP: 4/4
   197 | D:1      | Reached XP level 2. HP: 14/14 MP: 6/6
   617 | D:1      | Found a faded altar of an unknown god.
   760 | D:1      | Reached skill level 1 in Unarmed Combat
   765 | D:1      | Reached skill level 1 in Fighting
   765 | D:1      | Reached XP level 3. HP: 2/18 MP: 0/7
   937 | D:1      | Learned a level 3 spell: Frozen Ramparts
  1676 | D:2      | Reached XP level 4. HP: 22/22 MP: 3/8
  1676 | D:2      | Gained a life (2 lives remaining)
  1953 | D:2      | Learned a level 3 spell: Ozocubu's Armour
  3434 | D:4      | Noticed a scorpion
  3439 | D:4      | Killed a scorpion
  3440 | D:4      | Reached XP level 5. HP: 21/26 MP: 4/10
  3868 | D:4      | Gained mutation: You are covered in thick fur. (AC +2)
                  | [Felid growth]
  3868 | D:4      | Reached XP level 6. HP: 5/32 MP: 3/11
  4264 | D:4      | Found a stormy altar of Qazlal.
  4414 | D:4      | Found a bloodstained altar of Trog.
  4525 | D:5      | Entered Level 5 of the Dungeon
  4625 | D:5      | Learned a level 3 spell: Summon Ice Beast
  4939 | D:5      | Reached skill level 5 in Dodging
  4939 | D:5      | Reached XP level 7. HP: 36/36 MP: 3/13
  4960 | D:5      | Found a sand-covered staircase.
  4968 | Ossuary  | Entered an ossuary
  5749 | D:5      | Found Rithiuce's Serpentskin Sales.
  6225 | D:6      | Reached skill level 5 in Ice Magic
  6328 | D:6      | Reached skill level 1 in Summonings
  6328 | D:6      | Reached skill level 1 in Shapeshifting
  6529 | D:6      | Reached XP level 8. HP: 42/42 MP: 6/15
  6629 | D:6      | Found a staircase to the Ecumenical Temple.
  6640 | Temple   | Entered the Ecumenical Temple
  6657 | Temple   | Became a worshipper of the Wu Jian Council
  6843 | D:6      | Noticed a troll
  7048 | D:6      | Killed a troll
  7299 | D:7      | Identified the +3 mace of the Yoke {protect, Int+2 Stlth+}
  7357 | D:7      | Found Cyzouh's Weapon Emporium.
  7960 | D:7      | Reached * piety under Wu Jian
  8112 | D:7      | Reached skill level 5 in Fighting
  8112 | D:7      | Reached skill level 5 in Unarmed Combat
  8112 | D:7      | Reached XP level 9. HP: 47/47 MP: 6/16
  8802 | D:8      | Reached skill level 5 in Shapeshifting
  9452 | D:8      | Reached ** piety under Wu Jian
  9994 | D:9      | Noticed Maggie
 10043 | D:9      | Noticed Jeremiah
 10043 | D:9      | Noticed a troll
 10043 | D:9      | Found a staircase to the Lair.
 10234 | D:9      | Killed a troll
 10235 | D:9      | Reached XP level 10. HP: 53/53 MP: 7/17
 10327 | D:9      | Killed Jeremiah
 10512 | D:9      | Slain by a vampire
 10512 | D:9      | Lost a life (1 life remaining)
 10533 | D:9      | Noticed Maurice
 10536 | D:9      | Maurice stole 646 gold
 10561 | D:9      | Killed Maurice
 10710 | D:5      | Bought a serpent talisman for 450 gold pieces
 10950 | D:9      | Killed Maggie
 11553 | D:9      | Noticed a centaur warrior
 11561 | D:9      | Noticed a centaur warrior
 11920 | D:9      | Noticed a manticore
 11923 | D:10     | Entered Level 10 of the Dungeon
 11950 | D:10     | Found a white marble altar of Elyvilon.
 11974 | D:10     | Found a glowing golden altar of the Shining One.
 12383 | D:10     | Found Gulomm's General Store.
 12392 | D:10     | Bought a scroll of teleportation for 39 gold pieces
 12392 | D:10     | Bought a potion of heal wounds for 65 gold pieces
 12392 | D:10     | Bought a scroll of identify for 26 gold pieces
 12392 | D:10     | Bought a scroll of identify for 26 gold pieces
 12392 | D:10     | Bought a scroll of identify for 26 gold pieces
 12395 | D:10     | Bought a scroll of identify for 26 gold pieces
 12821 | D:10     | Reached *** piety under Wu Jian
 13144 | D:10     | Found a staircase to the Orcish Mines.
 13525 | D:10     | Noticed a gargoyle
 13541 | D:10     | Killed a gargoyle
 13745 | D:11     | Noticed a white ugly thing
 13854 | D:11     | Reached XP level 11. HP: 58/58 MP: 8/18
 13854 | D:11     | Gained a life (2 lives remaining)
 13872 | D:11     | Noticed a two-headed ogre
 13878 | D:10     | Found a shimmering blue altar of Sif Muna.
 14367 | D:9      | Killed a centaur warrior
 14571 | D:9      | Noticed a white ugly thing
 14573 | D:9      | Noticed a white ugly thing
 14589 | D:9      | Killed a brown ugly thing
 14604 | D:9      | Killed a red ugly thing
 14745 | D:9      | Reached skill level 10 in Shapeshifting
 14935 | D:9      | Found a blossoming altar of Fedhas.
 15056 | D:11     | Noticed a two-headed ogre
 15245 | D:11     | Reached skill level 1 in Invocations
 15290 | D:10     | Killed a white ugly thing
 15505 | D:11     | Killed a two-headed ogre
 15506 | D:11     | Reached skill level 10 in Dodging
 15506 | D:11     | Reached skill level 2 in Invocations
 15528 | D:11     | Killed a two-headed ogre
 15694 | D:11     | Reached skill level 3 in Invocations
 16244 | D:12     | Noticed a skeletal warrior
 16270 | D:12     | Noticed Sonja
 16273 | D:12     | Killed Sonja
 16278 | D:12     | Noticed a skeletal warrior
 16445 | Lair:1   | Entered Level 1 of the Lair of Beasts
 16461 | Lair:1   | Gained mutation: Your thick and shaggy fur keeps you warm.
                  | (AC +3, rC+) [Felid growth]
 16461 | Lair:1   | Reached XP level 12. HP: 64/64 MP: 16/19
 16515 | Lair:1   | Found a frozen archway.
 16601 | IceCv    | Entered an ice cave
 17109 | IceCv    | Reached skill level 4 in Invocations
 17478 | IceCv    | Reached **** piety under Wu Jian
 17555 | IceCv    | Slain by an anaconda simulacrum
 17555 | IceCv    | Lost a life (1 life remaining)
 18511 | Lair:1   | Reached skill level 5 in Invocations
 18638 | Lair:2   | Noticed a boulder beetle
 18669 | Lair:2   | Killed a boulder beetle
 18919 | Lair:2   | Noticed a death yak
 18920 | Lair:2   | Noticed a death yak
 18920 | Lair:2   | Noticed a death yak
 18937 | Lair:2   | Noticed a death yak
 18943 | Lair:2   | Killed a death yak
 18956 | Lair:2   | Killed a death yak
 18961 | Lair:2   | Killed a death yak
 18970 | Lair:2   | Killed a death yak
 19631 | Lair:2   | Found a large runed translucent door.
 19820 | Lair:2   | Found a staircase to the Shoals.
 19989 | Lair:2   | Found a large runed translucent door.
 19990 | Lair:2   | Noticed Iphivaf's ghost (journeyman OpSh)
 20341 | Lair:3   | Reached XP level 13. HP: 70/70 MP: 11/20
 20341 | Lair:3   | Gained a life (2 lives remaining)
 20642 | Lair:3   | Found a hole to the Spider Nest.
 20649 | Lair:3   | Identified the dragon-blood talisman "Earthly Heaven" {rN+}
 20779 | Lair:3   | Identified the +1 robe of Elyvilon's Esteem {rCorr SInv
                  | Stlth+}
 21616 | Lair:4   | Noticed Urug
 21629 | Lair:4   | Killed Urug
 21975 | Lair:5   | Entered Level 5 of the Lair of Beasts
 21983 | Lair:5   | Reached skill level 10 in Fighting
 21983 | Lair:5   | Reached skill level 10 in Unarmed Combat
 22162 | Lair:5   | Reached ***** piety under Wu Jian
 22203 | Lair:5   | Reached skill level 5 in Stealth
 22569 | Lair:5   | HP: 2/72 [yak (4)]
 22569 | Lair:5   | Slain by a yak
 22569 | Lair:5   | Lost a life (1 life remaining)
 23057 | Lair:5   | Found a staircase to the Slime Pits.
 23214 | Lair:5   | HP: 2/72 [komodo dragon (9)]
 23788 | Lair:5   | Reached XP level 14. HP: 58/77 MP: 14/21
 23788 | Lair:5   | Gained a life (2 lives remaining)
 23801 | Lair:5   | Found a burning altar of Makhleb.
 24433 | Lair:5   | Found a viscous altar of Jiyva.
 25427 | Lair:5   | Found a gateway to Hell.
 25822 | D:12     | Slain by a skeletal warrior
 25822 | D:12     | Lost a life (1 life remaining)
 26034 | Orc:1    | Entered Level 1 of the Orcish Mines
 26034 | Orc:1    | Noticed Erica
 26037 | Orc:1    | Noticed Nergalle
 26169 | D:10     | Killed Erica
 26283 | Orc:1    | Killed Nergalle
 26338 | Orc:1    | Found a runed translucent gate.
 26338 | Orc:1    | Found a runed translucent gate.
 26338 | Orc:1    | Found a runed translucent gate.
 26343 | Orc:1    | Noticed michknight7's ghost (novice MiFi)
 26343 | Orc:1    | Noticed rpophessagr's ghost (journeyman HOMo)
 26603 | Orc:1    | You fall into a shaft and drop 1 floor!
 26603 | Orc:2    | Entered Level 2 of the Orcish Mines
 26671 | Orc:2    | Found a staircase to the Elven Halls.
 26971 | Orc:2    | Reached skill level 15 in Dodging
 27493 | Orc:2    | Found Pallisoa's Magic Scroll Shop.
 27622 | Orc:2    | Found Nuonuch's Assorted Antiques.
 27688 | Orc:2    | Found Murues's Magic Scroll Shop.
 27711 | Orc:2    | Reached ****** piety under Wu Jian
 27734 | Orc:2    | Bought a scroll of acquirement for 676 gold pieces
 27829 | Orc:2    | Acquired 958 gold pieces
 27870 | Orc:2    | Bought a scroll of teleportation for 33 gold pieces
 27870 | Orc:2    | Bought a scroll of teleportation for 33 gold pieces
 27870 | Orc:2    | Bought a scroll of teleportation for 33 gold pieces
 27899 | Orc:2    | Bought a scroll of identify for 80 gold pieces
 27916 | Orc:2    | Bought a scroll of teleportation for 39 gold pieces
 27916 | Orc:2    | Bought a scroll of teleportation for 39 gold pieces
 27916 | Orc:2    | Bought a scroll of teleportation for 39 gold pieces
 27916 | Orc:2    | Bought a scroll of teleportation for 39 gold pieces
 27916 | Orc:2    | Bought a scroll of silence for 123 gold pieces
 27916 | Orc:2    | Bought a scroll of immolation for 52 gold pieces
 27916 | Orc:2    | Bought a scroll of vulnerability for 52 gold pieces
 27932 | Orc:2    | Bought a scroll of immolation for 160 gold pieces
 28622 | D:13     | Reached XP level 15. HP: 84/84 MP: 19/22
 28868 | D:13     | Reached skill level 10 in Stealth
 29464 | D:14     | Found a gate to the Vaults.
 29675 | D:14     | Found a snail-covered altar of Cheibriados.
 29899 | D:14     | Noticed Rupert
 30044 | D:14     | Noticed Nessos
 30045 | D:14     | Killed Nessos
 30614 | D:14     | Noticed Josephine
 30636 | D:14     | Killed Josephine
 30708 | D:14     | Killed Rupert
 30950 | D:15     | Entered Level 15 of the Dungeon
 31361 | D:15     | Found an iron altar of Okawaru.
 31532 | D:15     | Found a staircase to the Depths.
 32278 | Shoals:1 | Entered Level 1 of the Shoals
 32299 | Shoals:1 | Found Ryoplak's Jewellery Shoppe.
 32317 | Shoals:1 | Bought an amulet of regeneration for 390 gold pieces
 32391 | Shoals:1 | Reached skill level 15 in Shapeshifting
 32392 | Shoals:1 | Reached XP level 16. HP: 88/88 MP: 23/23
 32392 | Shoals:1 | Gained a life (2 lives remaining)
 32582 | Shoals:1 | Noticed Frances
 32596 | Shoals:1 | Killed Frances
 33919 | Shoals:2 | Got Cuplugh's Opusculum on the Septic Impact
 34762 | Shoals:4 | Entered Level 4 of the Shoals
 34937 | Shoals:4 | Noticed a kraken
 34942 | Shoals:4 | Killed a kraken
 35215 | Shoals:4 | Reached XP level 17. HP: 95/95 MP: 24/24
 35272 | Shoals:4 | Found Hemun's General Store.
 35557 | Shoals:4 | Got a barnacled rune of Zot
 35761 | Spider:1 | Entered Level 1 of the Spider Nest
 37930 | Spider:3 | Found a runed translucent door.
 38426 | Spider:4 | Entered Level 4 of the Spider Nest
 38459 | Spider:4 | Reached XP level 18. HP: 102/102 MP: 25/25
 39029 | Spider:4 | Got a gossamer rune of Zot
 39308 | Elf:1    | Entered Level 1 of the Elven Halls
 39605 | Elf:1    | Found a huge runed translucent gate.
 39606 | Elf:1    | Found a huge runed translucent gate.
 39607 | Elf:1    | Found a huge runed translucent gate.
 39607 | Elf:1    | Found a huge runed translucent gate.
 39608 | Elf:1    | Found a huge runed translucent gate.
 39610 | Elf:1    | Found a huge runed translucent gate.
 39610 | Elf:1    | Found a huge runed translucent gate.
 39610 | Elf:1    | Found a huge runed translucent gate.
 39610 | Elf:1    | Found a huge runed translucent gate.
 39611 | Elf:1    | Found a huge runed translucent gate.
 39611 | Elf:1    | Found a huge runed translucent gate.
 39611 | Elf:1    | Found a huge runed translucent gate.
 39611 | Elf:1    | Found a huge runed translucent gate.
 39611 | Elf:1    | Found a huge runed translucent gate.
 39611 | Elf:1    | Found a huge runed translucent gate.
 39611 | Elf:1    | Found a huge runed translucent gate.
 39611 | Elf:1    | Found a huge runed translucent gate.
 39612 | Elf:1    | Found a huge runed translucent gate.
 39612 | Elf:1    | Found a huge runed translucent gate.
 39612 | Elf:1    | Found a huge runed translucent gate.
 39998 | Elf:1    | Reached skill level 15 in Fighting
 40487 | Elf:1    | Reached skill level 15 in Unarmed Combat
 40836 | Elf:2    | Found a huge runed translucent gate.
 40836 | Elf:2    | Found a huge runed translucent gate.
 40858 | Elf:2    | Found a huge runed translucent gate.
 40860 | Elf:2    | Found a huge runed translucent gate.
 40860 | Elf:2    | Found a huge runed translucent gate.
 41115 | Elf:3    | Entered Level 3 of the Elven Halls
 41115 | Elf:3    | Noticed Norris
 41116 | Elf:3    | Killed Norris
 41483 | Elf:3    | Noticed Donald
 41492 | Elf:3    | Killed Donald
 41858 | Elf:3    | Noticed an Ice Fiend
 41885 | Elf:3    | Noticed an Ice Fiend
 41894 | Elf:3    | Reached XP level 19. HP: 51/108 MP: 26/26
 41965 | Elf:3    | Identified the amulet "Vacyofu" {Reflect Int+5 SH+5 Stlth+}
 41972 | Elf:3    | Identified the amulet "Puhilaakk" {Reflect rN+ SH+5}
 41994 | Abyss:2  | Cast into level 2 of the Abyss (a deep elf demonologist)
 42014 | Abyss:3  | Found a corrupted altar of Lugonu.
 42026 | Elf:3    | Escaped the Abyss
 42027 | Elf:3    | Noticed a Tzitzimitl
 42037 | Elf:3    | Noticed a Tzitzimitl
 42100 | Elf:3    | Identified the staff "Hamasug" {rPois rF++ rC- Conj Earth}
 42198 | Elf:3    | Killed the ghostly Donald
 42439 | Elf:3    | HP: 5/141 [deep elf high priest/a malign offering (6)]
 42439 | Elf:3    | Killed from afar by a deep elf high priest
 42439 | Elf:3    | Lost a life (1 life remaining)
 43500 | Vaults:1 | Entered Level 1 of the Vaults
 43576 | Vaults:1 | Found a crumbling gateway.
 43624 | Desolati | Entered the Desolation of Salt
 43656 | Desolati | Identified the +10 spear of Neng {elec, Fly rElec rF+
                  | Str+4}
 43882 | Desolati | Got the Atlas of Open Graves
 44120 | Desolati | Identified the +5 battleaxe of Exoneration {holy, rF+ rN+
                  | Dex+4}
 44120 | Desolati | Identified the ring of Gisaluat {+Blink rC+}
 44136 | Desolati | Got the Anthology of Arenous Transportation
 44611 | Vaults:1 | Reached XP level 20. HP: 116/116 MP: 27/27
 44611 | Vaults:1 | Gained a life (2 lives remaining)
 45583 | Vaults:2 | Noticed Sojobo
 45862 | Vaults:2 | Found a staircase to the Crypt.
 46178 | Vaults:2 | Paralysed by an air elemental for 1 turns
 46184 | Vaults:2 | Killed Sojobo
 47130 | Vaults:3 | You fall into a shaft and drop 1 floor!
 47172 | Vaults:4 | Noticed a golden dragon
 47202 | Vaults:4 | Noticed a golden dragon
 47222 | Vaults:4 | Killed a golden dragon
 47291 | Vaults:4 | Reached XP level 21. HP: 112/122 MP: 28/28
 47485 | Vaults:4 | Killed a golden dragon
 47882 | Vaults:4 | Identified the +3 orcbow of Generosity {speed, ^Contam
                  | rCorr MP+9 Str+5}
 48066 | Vaults:4 | Found a portal to a secret trove of treasure.
 48367 | D:7      | Bought the +11 lajatang "Vedogid" {speed, rF+ rN+ Int+5}
                  | for 1789 gold pieces
 48671 | Vaults:4 | You paid a toll of the lajatang "Vedogid" to enter a
                  | treasure trove
 48672 | Trove    | Entered a treasure trove
 48697 | Trove    | Got Sif Muna's Writings on the Heavy Gang
 48715 | Trove    | Got Sif Muna's Elucidation of Bruises and Hexing
 49002 | Vaults:4 | Found a runed translucent gate.
 49002 | Vaults:4 | Found a runed translucent gate.
 49002 | Vaults:4 | Found a runed translucent gate.
 49002 | Vaults:4 | Found an opulent altar of Gozag.
 49002 | Vaults:4 | Noticed Feplao's ghost (adept DgSh)
 49002 | Vaults:4 | Noticed a golden dragon
 49004 | Vaults:4 | Found Ogiu's Assorted Antiques.
 49004 | Vaults:4 | Found Viaruwko's Assorted Antiques.
 49888 | Vaults:5 | Entered Level 5 of the Vaults
 49898 | Vaults:5 | Noticed an ancient lich
 49913 | Vaults:5 | Killed an ancient lich
 49961 | Vaults:5 | Reached XP level 22. HP: 73/131 MP: 29/29
 49968 | Vaults:5 | Noticed a dread lich
 49971 | Vaults:5 | Killed a dread lich
 50078 | Vaults:5 | Noticed a golden dragon
 50081 | Vaults:5 | Killed a golden dragon
 50095 | Vaults:5 | Noticed a golden dragon
 50105 | Vaults:5 | Killed a golden dragon
 50427 | Vaults:5 | Identified the +1 leather armour "Huarayse" {-Tele *Corrode
                  | Will+++ Stlth+}
 50433 | Vaults:5 | Got a silver rune of Zot
 50526 | Vaults:5 | Found the +3 salamander hide armour {Flames, rFlCloud rF++
                  | rC--}
 50589 | Vaults:5 | Identified the +2 sling of Hacking and Slashing {drain,
                  | Int+3}
 50712 | Vaults:5 | Got Mara's Catalogue of Attendants
 51080 | Vaults:5 | Learned a level 2 spell: Blink
 51452 | Slime:1  | Entered Level 1 of the Pits of Slime
 51516 | Slime:1  | Gained mutation: You occasionally lose the ability to drink
                  | potions when taking damage. [a shining eye]
 51614 | Slime:4  | Reached XP level 23. HP: 133/140 MP: 30/30
 51630 | Slime:5  | Entered Level 5 of the Pits of Slime
 51680 | Slime:5  | Gained mutation: You are vulnerable to heat. (rF-) [a
                  | shining eye]
 51749 | Slime:5  | Gained mutation: You are very vulnerable to heat. (rF--) [a
                  | shining eye]
 51763 | Slime:5  | Noticed the Royal Jelly
 51769 | Slime:5  | Killed the Royal Jelly
 51806 | Slime:5  | Found the +9 sword of Zonguldrok {reap}
 51811 | Slime:5  | Identified the +3 scale mail "Ceiliryp" {Int+2 Dex+3}
 51855 | Slime:5  | Got a slimy rune of Zot
 51860 | Slime:5  | Got a starry gem with 14 turns to spare
 51904 | Slime:5  | Identified the +7 trident "Suryrrou" {venom, rC+ rCorr}
 52144 | Slime:1  | Gained mutation: You are occasionally teleported next to
                  | monsters. [a shining eye]
 52378 | D:15     | Lost mutation: You are occasionally teleported next to
                  | monsters. [potion of mutation]
 52378 | D:15     | Lost mutation: You are very vulnerable to heat. (rF--)
                  | [potion of mutation]
 52378 | D:15     | Gained mutation: You are weak. (Str -2) [potion of
                  | mutation]
 52378 | D:15     | Gained mutation: You expend magic power (3 MP) to
                  | strengthen your wands. [potion of mutation]
 52378 | D:15     | Gained mutation: You have a pair of small horns on your
                  | head. [potion of mutation]
 52379 | D:15     | Lost mutation: You occasionally lose the ability to drink
                  | potions when taking damage. [potion of mutation]
 52379 | D:15     | Lost mutation: You expend magic power (3 MP) to strengthen
                  | your wands. [potion of mutation]
 52379 | D:15     | Lost mutation: You have a pair of small horns on your head.
                  | [potion of mutation]
 52379 | D:15     | Gained mutation: You are very vulnerable to heat. (rF--)
                  | [potion of mutation]
 52379 | D:15     | Gained mutation: You have hidden genetic potential. [potion
                  | of mutation]
 52380 | D:15     | Lost mutation: You have hidden genetic potential. [potion
                  | of mutation]
 52380 | D:15     | Lost mutation: You are weak. (Str -2) [potion of mutation]
 52380 | D:15     | Lost mutation: You are very vulnerable to heat. (rF--)
                  | [potion of mutation]
 52380 | D:15     | Gained mutation: You occasionally lose the ability to drink
                  | potions when taking damage. [potion of mutation]
 52380 | D:15     | Gained mutation: You are robust. (+10% HP) [potion of
                  | mutation]
 52380 | D:15     | Gained mutation: You are resistant to electric shocks.
                  | (rElec) [potion of mutation]
 52381 | D:15     | Lost mutation: You are robust. (+10% HP) [potion of
                  | mutation]
 52381 | D:15     | Lost mutation: You are resistant to electric shocks.
                  | (rElec) [potion of mutation]
 52381 | D:15     | Gained mutation: You are strong-willed. (Will+) [potion of
                  | mutation]
 52381 | D:15     | Gained mutation: Your spells are a little easier to cast,
                  | but a little less powerful. [potion of mutation]
 52393 | Depths:1 | Entered Level 1 of the Depths
 52427 | Depths:1 | Found Ipson's General Store.
 52430 | Depths:1 | Found a one-way gateway to a ziggurat.
 52470 | Depths:1 | Found Etuwalu's Antique Armour Shoppe.
 52643 | Depths:1 | Noticed Bai Suzhen
 52658 | Depths:1 | Killed Bai Suzhen
 52700 | Depths:1 | Found Orchosom's Antique Armour Shoppe.
 52762 | Depths:1 | Reached skill level 6 in Invocations
 52989 | Depths:1 | Found Plog's Weapon Shoppe.
 53020 | Depths:1 | Found Niedweru's Jewellery Emporium.
 53247 | Depths:2 | Found a one-way gate leading to the halls of Pandemonium.
 53309 | Depths:2 | Identified the serpent talisman of Autotheism {Will- Int+5}
 53738 | Depths:2 | Found a runed translucent door.
 53738 | Depths:2 | Found a shimmering altar of Xom.
 53738 | Depths:2 | Identified the +12 great mace of the Lost Queens {chaos,
                  | rC+++ Int-2 Dex+4}
 53738 | Depths:2 | Noticed Strat's ghost (adept TrMo)
 53785 | Depths:2 | Reached skill level 7 in Invocations
 53997 | Depths:2 | Found Idanulec's Book Boutique.
 53998 | Depths:2 | Found Sogusch's Jewellery Shoppe.
 53998 | Depths:2 | Found Cidwiamp's Jewellery Shoppe.
 54147 | Depths:3 | Noticed Vv
 54153 | Depths:3 | Killed Vv
 54171 | Depths:3 | Noticed a caustic shrike
 54187 | Depths:3 | Killed a caustic shrike
 54188 | Depths:3 | Reached XP level 24. HP: 65/148 MP: 30/30
 54189 | Depths:3 | Noticed the Enchantress
 54319 | Depths:3 | Found a one-way gate to the infinite horrors of the Abyss.
 54393 | Depths:3 | Noticed Grunn
 54405 | Depths:3 | Killed Grunn
 54408 | Depths:3 | Reached skill level 1 in Evocations
 54502 | Depths:3 | Killed the Enchantress
 54648 | Depths:3 | You fall into a shaft and drop 1 floor!
 54648 | Depths:4 | Entered Level 4 of the Depths
 54888 | Depths:3 | Noticed a juggernaut
 54891 | Depths:3 | Killed a juggernaut
 54940 | Depths:3 | Identified the orb "Iwicynna" {*channel, Summ}
 54940 | Depths:3 | Noticed Frederick
 54948 | Depths:3 | Killed Frederick
 55260 | Depths:3 | Voluntarily entered the Abyss.
 55438 | Abyss:3  | Paralysed by accursed screaming for 1 turns
 55443 | Abyss:3  | Reached skill level 5 in Evocations
 55451 | Abyss:3  | Got an abyssal rune of Zot
 55528 | Abyss:3  | Gained mutation: Your body sometimes deteriorates upon
                  | taking damage. [a neqoxec]
 55576 | Depths:3 | Escaped the Abyss
 55730 | Depths:2 | Killed Strat's ghost
 56075 | Depths:4 | Found a gate to the Realm of Zot.
 56655 | Zig:1    | Entered Level 1 of a ziggurat
 56665 | Zig:1    | Reached skill level 8 in Invocations
 56728 | Zig:2    | Entered Level 2 of a ziggurat
 56750 | Zig:3    | Entered Level 3 of a ziggurat
 56781 | Zig:3    | Lost mutation: You are strong-willed. (Will+) [potion of
                  | mutation]
 56781 | Zig:3    | Lost mutation: Your spells are a little easier to cast, but
                  | a little less powerful. [potion of mutation]
 56781 | Zig:3    | Lost mutation: You are vulnerable to heat. (rF-) [potion of
                  | mutation]
 56781 | Zig:3    | Gained mutation: You are robust. (+10% HP) [potion of
                  | mutation]
 56781 | Zig:3    | Gained mutation: You are partially covered in iridescent
                  | scales. (AC +2) [potion of mutation]
 56784 | Zig:4    | Entered Level 4 of a ziggurat
 56821 | Zig:5    | Entered Level 5 of a ziggurat
 56833 | Zig:5    | Paralysed by you for 1 turns
 56938 | Zig:6    | Entered Level 6 of a ziggurat
 56943 | Zig:6    | Noticed Lehaeg the pandemonium lord
 56957 | Zig:6    | Killed Lehaeg the pandemonium lord
 57017 | Zig:7    | Entered Level 7 of a ziggurat
 57053 | Zig:7    | Noticed a royal mummy
 57056 | Zig:7    | Killed a royal mummy
 57075 | Zig:7    | Identified the +0 pair of boots of Lotu Jeo {Harm SInv}
 57104 | Zig:8    | Entered Level 8 of a ziggurat
 57112 | Zig:8    | Noticed Forum the pandemonium lord
 57112 | Zig:8    | Noticed a Killer Klown
 57112 | Zig:8    | Noticed a Killer Klown
 57112 | Zig:8    | Noticed Viah the pandemonium lord
 57123 | Zig:8    | Killed Forum the pandemonium lord
 57123 | Zig:8    | Reached skill level 15 in Stealth
 57123 | Zig:8    | Reached skill level 9 in Invocations
 57123 | Zig:8    | Killed Viah the pandemonium lord
 57123 | Zig:8    | Reached XP level 25. HP: 117/169 MP: 30/30
 57128 | Zig:8    | Killed a Killer Klown
 57139 | Zig:8    | Killed a Killer Klown
 57171 | Zig:9    | Entered Level 9 of a ziggurat
 57195 | Zig:9    | Reached skill level 10 in Evocations
 57200 | Zig:9    | Reached skill level 10 in Invocations
 57333 | Zig:10   | Entered Level 10 of a ziggurat
 57484 | Zig:11   | Entered Level 11 of a ziggurat
 57500 | Zig:11   | Gained mutation: You have hidden genetic defects. [a
                  | neqoxec]
 57501 | Zig:11   | Reached skill level 11 in Invocations
 57506 | Zig:11   | Gained mutation: You are agile. (Dex +4, Str/Int -1) [a
                  | neqoxec]
 57523 | Zig:12   | Entered Level 12 of a ziggurat
 57539 | Zig:12   | Reached skill level 12 in Invocations
 57565 | Zig:12   | Identified the ring "Loid" {rElec AC+4}
 57574 | Zig:13   | Entered Level 13 of a ziggurat
 57586 | Zig:13   | Reached skill level 13 in Invocations
 57605 | Zig:13   | Gained mutation: Your body often deteriorates upon taking
                  | damage. [hidden defects]
 57609 | Zig:13   | Identified the staff of Jiyfruoja {*Corrode rElec Str+4
                  | Conj Tloc Air}
 57623 | Zig:14   | Entered Level 14 of a ziggurat
 57643 | Zig:14   | Reached skill level 14 in Invocations
 57661 | Zig:15   | Entered Level 15 of a ziggurat
 57669 | Zig:15   | Noticed a royal mummy
 57674 | Zig:15   | Noticed a royal mummy
 57674 | Zig:15   | Noticed a royal mummy
 57675 | Zig:15   | Noticed a royal mummy
 57681 | Zig:15   | Found the +7 captain's cutlass {speed, disarm}
 57683 | Zig:16   | Entered Level 16 of a ziggurat
 57712 | Zig:16   | Reached skill level 15 in Invocations
 57735 | Zig:16   | Identified the ring "Rojokiv" {rPois Dex+3}
 57737 | Zig:17   | Entered Level 17 of a ziggurat
 57760 | Zig:17   | Found the +8 Wrath of Trog {antimagic, *Rage Rampage}
 57762 | Zig:17   | Lost mutation: You are agile. (Dex +4, Str/Int -1) [hidden
                  | defects]
 57762 | Zig:17   | Lost mutation: You have hidden genetic defects. [hidden
                  | defects expressed]
 57771 | Zig:17   | Identified the +5 plate armour of Spite {Fly rC+ MP+9}
 57781 | Zig:17   | Identified the staff of the Living Dead {rElec rPois rF+
                  | Will+ Int+2 Alchemy}
 57786 | Zig:17   | Reached skill level 16 in Invocations
 57794 | Zig:18   | Entered Level 18 of a ziggurat
 57826 | Zig:18   | Identified the staff "Ikuciske" {rPois rC- Dex+2 Conj
                  | Alchemy}
 57832 | Zig:18   | Reached XP level 26. HP: 121/174 MP: 31/36
 57833 | Zig:18   | Reached skill level 17 in Invocations
 57846 | Zig:18   | Identified the ring of Husuot {rF+ Int+3}
 57850 | Zig:18   | Identified the staff of the Hundredfold Seers {+Blink rElec
                  | rPois Alchemy}
 57856 | Zig:19   | Entered Level 19 of a ziggurat
 57886 | Zig:19   | Reached skill level 18 in Invocations
 57906 | Zig:19   | Identified the ring of Ylachiv {Ice Dex+3}
 57914 | Zig:19   | Identified the ring "Ceug" {rC+ Will- rCorr Int+2 SInv}
 57919 | Zig:20   | Entered Level 20 of a ziggurat
 57934 | Zig:20   | Noticed an ancient lich
 57938 | Zig:20   | Noticed an ancient lich
 57938 | Zig:20   | Noticed a dread lich
 57938 | Zig:20   | Noticed a dread lich
 57939 | Zig:20   | Noticed a dread lich
 57940 | Zig:20   | Noticed an ancient lich
 57940 | Zig:20   | Killed a dread lich
 57940 | Zig:20   | Killed a dread lich
 57940 | Zig:20   | Reached skill level 19 in Invocations
 57943 | Zig:20   | Killed an ancient lich
 57951 | Zig:20   | Killed an ancient lich
 57952 | Zig:20   | Killed a dread lich
 57954 | Zig:20   | Killed an ancient lich
 57954 | Zig:20   | Reached skill level 20 in Invocations
 57985 | Zig:21   | Entered Level 21 of a ziggurat
 58029 | Zig:21   | Reached skill level 21 in Invocations
 58041 | Zig:21   | Found the +8 pair of quick blades "Gyre" and "Gimble"
                  | {protect}
 58050 | Zig:21   | Identified the ring "Maupny" {rF+ EV+5}
 58061 | Zig:22   | Entered Level 22 of a ziggurat
 58093 | Zig:22   | Found the dreamshard necklace {Acrobat *Dream}
 58107 | Zig:23   | Entered Level 23 of a ziggurat
 58124 | Zig:23   | Reached skill level 22 in Invocations
 58134 | Zig:23   | Reached XP level 27. HP: 176/180 MP: 39/39
 58157 | Zig:24   | Entered Level 24 of a ziggurat
 58170 | Zig:24   | Noticed a juggernaut
 58171 | Zig:24   | Noticed a juggernaut
 58173 | Zig:24   | Noticed a juggernaut
 58173 | Zig:24   | Killed a juggernaut
 58174 | Zig:24   | Noticed a juggernaut
 58177 | Zig:24   | Noticed a juggernaut
 58178 | Zig:24   | Noticed a juggernaut
 58179 | Zig:24   | Killed a juggernaut
 58181 | Zig:24   | Noticed a juggernaut
 58183 | Zig:24   | HP: 5/180 [juggernaut (14)]
 58187 | Zig:24   | Killed from afar by a frost giant
 58187 | Zig:24   | Lost a life (1 life remaining)
 58188 | Zig:24   | Reached skill level 23 in Invocations
 58219 | Zig:24   | Identified the amulet "Sary" {Acrobat rElec rC- Str-2
                  | Int+4}
 58226 | Zig:25   | Entered Level 25 of a ziggurat
 58304 | Zig:25   | Noticed a dread lich
 58304 | Zig:25   | Noticed a dread lich
 58315 | Zig:25   | Reached skill level 24 in Invocations
 58319 | Zig:25   | Noticed a dread lich
 58320 | Zig:25   | Noticed an ancient lich
 58350 | Zig:26   | Entered Level 26 of a ziggurat
 58383 | Zig:26   | Found the +9 sword of Power {lifebolt}
 58383 | Zig:26   | Found the +18 shield of the Gong {Loud rN+ Will+ rCorr
                  | EV-5}
 58394 | Zig:27   | Entered Level 27 of a ziggurat
 58453 | Zig:27   | Reached skill level 25 in Invocations
 58481 | Zig:27   | Found the +27 heavy crossbow "Sniper" {heavy, Acc+∞ SInv}
 58497 | Zig:27   | Identified the staff of the Bruised Xenops {rF+ Will+ Str+4
                  | SInv Fire}
 58500 | Zig:27   | Identified the staff of the Noxious God {+Blink rPois rC-
                  | rCorr Int+5 Alchemy}
 58644 | Zot:1    | Entered Level 1 of the Realm of Zot
 58791 | Zot:1    | Reached skill level 26 in Invocations
 58876 | Zot:5    | Entered Level 5 of the Realm of Zot
 59104 | Zot:5    | Found a corrupted altar of Lugonu.
 59377 | Zot:5    | Gained a life (2 lives remaining)
 59379 | Zot:5    | Got a prismatic gem with 307 turns to spare
 59413 | Zot:5    | Noticed an orb of fire
 59421 | Zot:5    | Killed an orb of fire
 59430 | Zot:5    | Reached skill level 27 in Invocations
 59616 | Zot:5    | Got the Orb of Zot
 59616 | Zot:5    | Noticed a dread lich
 59621 | Zot:5    | Noticed a dread lich
 59706 | Zot:3    | Noticed Bofulu the pandemonium lord
 59723 | Zot:3    | Killed Bofulu the pandemonium lord
 59737 | Zot:2    | Noticed Pabekh the pandemonium lord
 59800 | Zot:1    | Noticed Boiroopeih the pandemonium lord
 59812 | Zot:1    | Killed Boiroopeih the pandemonium lord
 59890 | Depths:1 | Noticed Vim Ime the pandemonium lord
 59910 | Depths:1 | Gained mutation: Your health recovers twice as slowly from
                  | being drained. [a shining eye]
 59911 | Depths:1 | Gained mutation: You are dopey. (Int -2) [a shining eye]
 60004 | D:11     | Noticed Yttuakkobe the pandemonium lord
 60225 | D:1      | Noticed Aplaufus the pandemonium lord
 60233 | D:1      | Killed Aplaufus the pandemonium lord
 60273 | D:$      | Escaped with the Orb!

Illustrated notes

Levels and vault maps discovered:
D:1:      amcnicky_arrival_flooded_fountain, layout_loops_ring, serial_rivers,
          chequers_serial_rivers_large_a, chequers_serial_rivers_small_a,
          chequers_serial_rivers_room_a, chequers_serial_rivers_room_a,
          chequers_serial_rivers_micro_c, chequers_serial_rivers_micro_a,
          ebering_ecumenical_altar_abandoned
D:2:      wander_river, layout_basic, serial_corexii_hall,
          corexii_hall_statues_s, chequers_hall_statues_wall_a,
          cheibrodos_gnoll_hut
D:3:      layout_loops_corners
D:4:      layout_basic, nicolae_qazlal_scattered_showers,
          overflow_temple_1_default
D:5:      layout_layer_cave, nicolae_ossuary_entry_ruins, guppyfry_shop_venom
D:6:      layout_rooms, minmay_temple_entry_mini_moons
D:7:      layout_gridville, serial_shops, kennysheep_mini_moat,
          minmay_misc_feat_hallway
D:8:      layout_layer_cave
D:9:      minmay_the_grid_triangle_9x9_recursive_2
          [minmay_the_grid_triangle_9x9_prize_center,
          minmay_the_grid_triangle_9x9_thin_v,
          minmay_the_grid_triangle_9x9_flanged_cone,
          minmay_the_grid_triangle_9x9_minimal], layout_cave_pools,
          fedhas_bush_and_centaur_altar, uniq_maggie, uniq_maurice,
          uniq_jeremiah
D:10:     layout_basic, nicolae_overflow_hidden_temple, hiddenorc2_lemuel,
          serial_co_window_serial, co_window_corner_a, co_window_corner_a,
          co_window_of_opportunity_a, co_window_corner_a, co_window_cross_1,
          co_window_paths_a, co_window_corner_a, co_window_unsneaky_path_c,
          co_window_2corner, co_window_of_opportunity_b, co_window_2corner,
          co_window_2corner, co_window_corner_b, glass_columns_a,
          glass_columns_a, serial_shops, nicolae_shop_tiny_waterfront
D:11:     layout_rooms
D:12:     layout_loops_ring, uniq_sonja
D:13:     layout_irregular_city, minmay_sticks_and_stones
D:14:     layout_roguey, grunt_vaults_entry_tiered, serial_rivers,
          chequers_serial_rivers_small_3, chequers_serial_rivers_micro_b,
          chequers_serial_rivers_small_b, chequers_serial_rivers_micro_c,
          chequers_serial_rivers_small_3, lemuel_crystal_altar, uniq_nessos,
          uniq_josephine, uniq_rupert
D:15:     gammafunk_depths_entry_grave, layout_basic, okawaru_trees_2,
          nrook_guardian_serpent_double
Temple:   nicolae_temple_bog_church
Lair:1:   layout_gridlike, portal_ice_cave_entry_ice_simulacra,
          lemuel_fruit_fields, serial_bayou_shore_b
Lair:2:   layout_regular_city, minmay_shoals_entry_hut,
          ebering_ghost_disaster_area
Lair:3:   layout_misc_corridors, dummy_spider_entry, grunt_megastairs_5
Lair:4:   layout_long_grid, lemuel_fruit_tree, uniq_urug
Lair:5:   evil_forest, layout_regular_city, minmay_slime_entry_oklob_open,
          chequers_serial_rivers_micro_b, st_stairs_9,
          chequers_serial_rivers_room_b, nicolae_lair_liquid_snakes
Shoals:1: layout_shoals, serial_shops, nicolae_shop_stone, uniq_frances
Shoals:2: layout_shoals, nicolae_splish_splash
Shoals:3: layout_shoals
Shoals:4: shoals_end_grunt_ice, layout_shoals, serial_shops,
          nicolae_shop_hallway_plus
Spider:1: layout_chambers
Spider:2: layout_spider_delve, worms_lemuel
Spider:3: cheibrodos_spider_deadly_dance
Spider:4: grunt_spider_rune_parallel
Slime:1:  nicolae_slime_jelly_donut, layout_caves, special_room
          [special_room_jelly], cheibrodos_slime_lost_civilization_7
Slime:2:  layout_caves
Slime:3:  layout_caves
Slime:4:  layout_caves
Slime:5:  slime_pit_nicolae_royal_road_to_ruin
Orc:1:    layout_diamond_mine, gammafunk_ghost_cemetery, uniq_erica,
          uniq_erolcha, uniq_nergalle
Orc:2:    st_orc_town, layout_caves, nicolae_orc_seminary
Elf:1:    layout_onion_city, hangedman_elf_represent
Elf:2:    elven_hall_of_blades_hangedman_alternative
          [nicolae_blade_entry_pointy_end], layout_rooms, guppyfry_elf_garden
Elf:3:    minmay_elf_hall_four_x, layout_geoelf_grid, uniq_norris, uniq_donald
Vaults:1: portal_desolation_entry_twin_temple, v_pattern_3, v_misc_4,
          v_alt_pattern_4, v_misc_17, nicolae_vaults_little_ls, v_alt_pattern_5,
          vaults_dpeg_encased_lava, vaults_dpeg_diagonal,
          nicolae_vaults_house_1, nicolae_vaults_house_1,
          layout_vaults_omnicross
Vaults:2: nicolae_vaults_ninety_degrees, v_rooms_5, v_misc_12, vaults_mumra_hex,
          nicolae_vaults_shrinking_rooms_2, nicolae_vaults_closet_pinwheel_6,
          ontoclasm_vaults_ring_large, minmay_crypt_entry_skeletal_spiral,
          nicolae_vaults_trapezoid_lopsided_1, nicolae_vaults_little_squares_2,
          layout_vaults_big_room, uniq_sojobo
Vaults:3: nicolae_vaults_trapezoid_lopsided_1, vaults_dpeg_emergency_exit,
          v_misc_33, nicolae_vaults_little_squares_5, nicolae_vaults_cochlea,
          nicolae_vaults_little_squares_6, v_misc_9,
          ontoclasm_vaults_decontamination, v_misc_1, nicolae_vaults_asterisk,
          layout_vaults_omnigrid
Vaults:4: ebering_ghost_gozag, vaults_room_grid,
          nicolae_vaults_little_squares_1, v_misc_17, v_rooms_2,
          grunt_vaults_funnel, st_greater_box_4, v_misc_12,
          ontoclasm_vaults_shuriken, nicolae_vaults_house_1,
          nicolae_vaults_house_2, layout_vaults_maze_snakey, enter_trove_5
Vaults:5
Depths:1: layout_cave_pools, enter_ziggurat_f, serial_shops, shop_statue,
          nicolae_shop_competitors_out_of_business, shop,
          nicolae_shop_peninsula, nicolae_shop_real_fake_doors,
          grunt_metal_band, serial_co_window_serial, co_window_paths_a,
          co_window_paths_a, co_window_paths_a, co_window_of_opportunity_a,
          co_window_paths_a, co_window_broadway_a, co_window_of_opportunity_c,
          co_window_of_opportunity_c, glass_columns_b, glass_columns_c,
          kennysheep_potato, uniq_bai_suzhen
Depths:2: minmay_polygon_palace, layout_basic, ebering_ghost_xom, pan_entry,
          corexii_leaking_fountain, hell_entry, nicolae_zig_zag_zippers,
          minmay_shop_grove
Depths:3: minmay_textured_paths, layout_basic, hell_entry, abyss_entry,
          kennysheep_generic_room_12, uniq_frederick, uniq_vv, uniq_enchantress,
          uniq_grunn
Depths:4: grunt_twist_and_shout, layout_basic, nicolae_twisting_strands,
          pf_hell_entry_tar_spiral, st_stairs_4, columned_hall_lemuel,
          lightli_fourway_metalbox, serial_bayou_shore_b
Zot:1:    lemuel_halls_of_wrath, layout_twisted_circle,
          regret_index_zotdec_carving_tricks, zot_minivault_8
Zot:2:    kennysheep_room_grid, layout_gridlike
Zot:3:    circus_mu, layout_cathedral_of_symmetry, bh_zot_ikea_curve
Zot:4:    layout_onion
Zot:5:    layout_gridlike, amcnicky_altar_lugonu_corruption

Skill      XL: |  1  2  3  4  5  6  7  8  9 10 11 12 13 14 15 16 17 18 19 20 21 22 23 24 25 26 27 |
---------------+----------------------------------------------------------------------------------+-----
Dodging        | 3 4 5 7 8 9 10 12 14 15 17 18 19 20 21 23 | 23.9
Unarmed Combat | 1 2 3 5 6 7 9 10 11 12 13 14 15 16 17 19 21 22 23 24 | 24.1
Fighting       | 1 2 3 5 6 8 9 10 11 12 13 14 15 16 17 19 21 22 23 | 23.5
Ice Magic      | 4 5 |  5.0
Spellcasting   | 3 4 |  4.0
Summonings     | 1 3 |  3.0
Shapeshifting  | 1 4 6 8 10 11 12 15 16 17 18 19 20 21 23 | 23.0
Invocations    | 3 5 7 9 16 22 27 | 27.0
Stealth        | 6 9 10 15 | 15.0
Evocations     | 9 10 | 10.0

Action                     |  1- 3 |  4- 6 |  7- 9 | 10-12 | 13-15 | 16-18 | 19-21 | 22-24 | 25-27 || total
---------------------------+-------+-------+-------+-------+-------+-------+-------+-------+-------++-------
  Melee: Unarmed           |    14 |    13 |   143 |   637 |  1327 |  1474 |  1793 |  1599 |  1533 ||  8533
         Bite              |       |     3 |    21 |    41 |   182 |   177 |   295 |   238 |       ||   957
         Punch             |       |       |     4 |    13 |   123 |   140 |   221 |   309 |   266 ||  1076
         Constrict         |       |       |       |    89 |    21 |       |       |       |       ||   110
         Maw               |       |       |       |       |   376 |       |       |       |       ||   376
   Cast: Freeze            |    61 |    74 |    40 |       |       |       |       |       |       ||   175
         Frozen Ramparts   |     3 |    11 |    28 |    48 |    21 |       |       |       |       ||   111
         Summon Ice Beast  |       |     3 |    38 |    85 |    74 |       |       |     1 |       ||   201
         Ozocubu's Armour  |       |       |    13 |    29 |    13 |       |       |       |       ||    55
 Invoke: Serpent's Lash    |       |       |       |     4 |    21 |    19 |    17 |    15 |    19 ||    95
         Heavenly Storm    |       |       |       |       |       |     2 |     2 |     1 |     3 ||     8
Ability: Lunge             |       |       |     1 |    28 |    95 |   109 |   105 |    97 |   161 ||   596
         Whirlwind         |       |       |       |    46 |   334 |   491 |   615 |   529 |   639 ||  2654
         Wall Jump         |       |       |       |       |       |       |     1 |       |       ||     1
         Evoke Blink       |       |       |       |       |       |       |       |     3 |       ||     3
         Blinkbolt         |       |       |       |       |       |       |       |     2 |     3 ||     5
  Evoke: Wand              |       |       |     7 |    19 |    13 |     3 |     1 |     3 |       ||    46
         Phantom mirror    |       |       |       |     2 |     2 |       |     1 |     1 |       ||     6
         Sack of spiders   |       |       |       |       |       |       |     1 |       |       ||     1
         Tin of tremorston |       |       |       |       |       |       |       |     1 |       ||     1
    Use: Scroll            |       |     5 |     7 |    17 |     9 |    10 |    13 |     8 |    10 ||    79
         Potion            |       |       |     1 |     7 |     1 |     4 |     4 |    14 |    31 ||    62
   Stab: Sleeping          |     3 |     1 |     2 |     7 |    38 |    40 |    12 |     9 |     5 ||   117
         Distracted        |       |       |     1 |    10 |     8 |     8 |    15 |    13 |     2 ||    57
         Petrified         |       |       |       |       |     3 |       |       |       |       ||     3
         Paralysed         |       |       |       |       |     1 |       |       |       |       ||     1
 Armour: Skin              |    21 |    15 |    54 |   286 |   313 |   625 |   605 |   423 |   197 ||  2539
  Dodge: Dodged            |    41 |    62 |   161 |   522 |  1163 |  3190 |  2493 |  1885 |  1653 || 11170
  Block: Other             |       |    19 |    38 |   133 |   223 |       |       |       |       ||   413
         Reflection        |       |     1 |     2 |     9 |     5 |       |       |       |       ||    17
   Form: Serpent           |       |       |       |     2 |     1 |       |       |       |       ||     3
                           |       |       |       |     1 |       |       |       |       |       ||     1
         Maw               |       |       |       |       |     2 |       |       |       |       ||     2
         Statue            |       |       |       |       |     1 |       |       |       |       ||     1
         Storm             |       |       |       |       |       |       |       |     1 |       ||     1
